 Dungeon Crawl Stone Soup version 0.27.1-34-g3ba077fa99 (webtiles) character file.

Game seed: 5632621936523261596

869 McKennaii the Poker (level 7, -3/82 HPs)
             Began as a Demonspawn Fighter on Jan 15, 2022.
             Slain by an ogre (19 damage)
             ... on level 5 of the Dungeon.
             The game lasted 00:06:37 (5174 turns).

McKennaii the Poker (Demonspawn Fighter)            Turns: 5174, Time: 00:06:37

Health: -3/82      AC: 23    Str: 16 (18) XL:     7   Next: 73%
Magic:  7/7        EV:  2    Int:  8 (9)  God:
Gold:   249        SH:  9    Dex: 13      Spells: 6/6 levels left

rFire    . . .     SeeInvis .   j - +1 trident (pain)
rCold    . . .     Faith    .   c - +0 kite shield
rNeg     + + +     Spirit   .   (armour currently unavailable)
rPois    +         Reflect  .   (helmet currently unavailable)
rElec    .         Harm     .   (cloak currently unavailable)
rCorr    .         Rampage  .   (gloves currently unavailable)
Will     .....     NoTele   +   (boots currently unavailable)
Stlth    +.........             (no amulet)
HPRegen  0.23/turn              (no ring)
MPRegen  0.10/turn              (no ring)

@: tree-form
A: stationary, stasis, torment immunity, boosted hp, repulsion field 1, powered
by pain 2
a: no special abilities


You were on level 5 of the Dungeon.
You were a tree.
You visited 1 branch of the dungeon, and saw 5 of its levels.

You collected 249 gold pieces.

Inventory:

Hand Weapons
 j - a +1 trident of pain (weapon)
Armour
 c - a +0 kite shield (worn)
 s - a +3 chain mail (melded)
Jewellery
 l - a ring of ice
Wands
 p - a wand of acid (4)
 r - a wand of flame (22)
 w - a wand of polymorph (8)
Scrolls
 a - a scroll of enchant armour {unknown}
 b - a scroll of magic mapping {unknown}
 e - 2 scrolls of immolation {unknown}
 f - 2 scrolls of teleportation {unknown}
 h - 2 scrolls of fear {unknown}
 k - a scroll of brand weapon {unknown}
 m - 3 scrolls of identify
 t - a scroll of summoning {unknown}
Potions
 d - a potion of might
 g - a potion of mutation
 i - 2 potions of lignification
 x - 2 potions of attraction {unknown}


   Skills:
 + Level 4.9 Fighting
 * Level 5.3 Polearms
 + Level 4.4 Armour
 + Level 4.4 Shields


You had 6 spell levels left.
You didn't know any spells.
Your spell library contained the following spells:

 Spells                   Type           Power      Damage    Failure   Level
 Animate Skeleton         Necr           0%         N/A       86%         1
 Apportation              Tloc           0%         N/A       86%         1
 Beastly Appendage        Tmut           0%         N/A       86%         1
 Corona                   Hex            0%         N/A       86%         1
 Summon Small Mammal      Summ           0%         N/A       86%         1
 Wereblood                Tmut           0%         N/A       95%         2
 Spider Form              Tmut/Pois      0%         N/A       99%         3


Dungeon Overview and Level Annotations

Branches:
Dungeon (5/15)
 Temple: D:4-7

Altars:

Shops:
D:4 [


Innate Abilities, Weirdness & Mutations

You are a tree.
Your roots penetrate the ground, keeping you stationary.
You cannot be teleported.
You are immune to unholy pain and torment.
Your maximum health is greatly increased.
Your equipment is partially melded.
You are surrounded by a mild repulsion field. (EV +2)
You sometimes gain power by taking damage.


Message History

The hound bites you but does no damage. x2
You feel your intelligence returning.
You feel your dexterity returning.
Your life force feels restored.
You hit the hound.
The hound is heavily wounded.
The hound bites you but does no damage. x2
You hit the hound.
The hound is almost dead.
The hound barely misses you. You block the hound's attack.
You miss the hound.
The hound is almost dead.
The hound barely misses you. The hound bites you but does no damage.
You hit the hound but do no damage.
The hound is almost dead.
You block the hound's attack.
You puncture the hound!
You kill the hound!
You see here a hound corpse.
The ogre barely misses you.
Things that are here:
a +0 giant spiked club; an ogre corpse; a black bear corpse You see here a hound corpse.
Your chain mail prevents you from hitting the ogre.
The ogre hits you with a +0 giant club!
You hit the ogre.
The ogre is lightly wounded.
The ogre hits you with a +0 giant club!
* * * LOW HITPOINT WARNING * * *
You completely miss the ogre.
The ogre is lightly wounded.
The ogre hits you with a +0 giant club.
* * * LOW HITPOINT WARNING * * *
Really quaff the potion of lignification?
Uppercase [Y]es or [N]o only, please.
Really quaff the potion of lignification?
You turn into a tree.
Your +3 chain mail melds into your body.
Your roots penetrate the ground.
The ogre hits you with a +0 giant club!!
You die...

......#...#......
.#.#.............
.........##......
..#....###........... ##
.###.................. #.
........###..........####.
.##.....## .............##
#...#..######.....##......
#....#..)O♣.#..............
......#.####.......##.......
[..#....# #...............<
..........##.##....###......
...#........................
.............#....####.....
.####........#....## #>....
#..............###.)...
................(.....


You could see an ogre.

Vanquished Creatures
  Grinder (D:3)
  A steam dragon (D:4)
  A black bear (D:5)
  An ogre (D:5)
  A kobold brigand (D:4)
  A scorpion (D:3)
  2 hounds
  A bullfrog skeleton (D:4)
  Terence (D:3)
  A hound skeleton (D:4)
  4 adders
  2 white imps (D:4)
  An adder skeleton (D:4)
  4 worms
  3 dart slugs
  2 orcs
  8 bats
  6 endoplasms
  5 giant cockroaches
  7 goblins
  5 hobgoblins
  A jackal (D:3)
  2 quokkas
  4 ball pythons
  4 frilled lizards
  3 kobolds
  2 rats
74 creatures vanquished.

Notes
Turn   | Place    | Note
-------+----------+-------------------------------------------
     0 | D:1      | McKennaii the Demonspawn Fighter began the quest for the
                  | Orb.
     0 | D:1      | Reached XP level 1. HP: 18/18 MP: 1/1
    50 | D:1      | Reached skill level 2 in Polearms
   138 | D:1      | Gained mutation: You sometimes gain a little power by
                  | taking damage. [demonic ancestry]
   138 | D:1      | Reached XP level 2. HP: 7/24 MP: 2/2
   969 | D:1      | Gained mutation: You are surrounded by a mild repulsion
                  | field. (EV +2) [demonic ancestry]
   969 | D:1      | Reached XP level 3. HP: 4/29 MP: 3/3
  1527 | D:2      | Found a faded altar of an unknown god.
  1865 | D:3      | Reached XP level 4. HP: 35/35 MP: 4/4
  2181 | D:3      | Noticed Terence
  2193 | D:3      | Killed Terence
  2194 | D:3      | Reached skill level 3 in Polearms
  2369 | D:3      | Noticed a scorpion
  2378 | D:3      | Killed a scorpion
  2379 | D:3      | Reached XP level 5. HP: 19/42 MP: 5/5
  3026 | D:3      | Noticed Grinder
  3026 | D:3      | Paralysed by Grinder for 3 turns
  3034 | D:3      | Killed Grinder
  3035 | D:3      | Reached skill level 4 in Polearms
  3035 | D:3      | Gained mutation: You sometimes gain power by taking damage.
                  | [demonic ancestry]
  3035 | D:3      | Reached XP level 6. HP: 48/48 MP: 6/6
  3604 | D:4      | Found Migred's Armour Shoppe.
  3823 | D:4      | Noticed a steam dragon
  3983 | D:4      | Killed a steam dragon
  3984 | D:4      | Reached XP level 7. HP: 5/55 MP: 7/7
  4534 | D:5      | Entered Level 5 of the Dungeon
  5156 | D:5      | Reached skill level 5 in Polearms
  5174 | D:5      | Slain by an ogre

Illustrated notes

Levels and vault maps discovered:
D:1:      wander_arrival_chamber, layout_basic
D:2:      layout_rooms, ebering_ecumenical_altar_sacrificial, minmay_hexomino_c4
D:3:      minmay_inner_zag, layout_loops_corners, hangedman_feature_mirror,
          uniq_grinder, uniq_terence
D:4:      layout_basic, serial_shops, nicolae_stop_n_shop_1,
          corexii_leaking_fountain, minivault_19, kennysheep_opposing_triangles
D:5:      layout_rooms

Skill      XL: |  1  2  3  4  5  6  7 |
---------------+----------------------+-----
Polearms       | 2 3 4 5 |  5.3
Shields        | 3 4 |  4.4
Armour         | 3 4 |  4.4
Fighting       | 4 |  4.9

Action                   |  1- 3 |  4- 6 |  7- 9 || total
-------------------------+-------+-------+-------++-------
Melee: Trident           |   117 |   131 |    75 ||   323
Evoke: Wand              |       |     4 |       ||     4
  Use: Potion            |       |       |    10 ||    10
       Scroll            |       |       |     1 ||     1
Armor: Scale mail        |    61 |     9 |       ||    70
       Chain mail        |       |    52 |    52 ||   104
Dodge: Dodged            |    41 |    35 |    21 ||    97
Block: Kite shield       |    66 |    61 |    37 ||   164
